 Dungeon Crawl Stone Soup version 0.31-a0-188-g5e087ee2ca (webtiles) character file.

Game seed: 11350872838887662009

78 qw the Shooter (level 4, 0/25 HPs)
             Began as a Deep Elf Hunter on June 23, 2023.
             Slain by a gnoll
             ... wielding a +0 halberd
              (3 damage)
             ... on level 2 of the Dungeon.
             The game lasted 00:00:23 (1080 turns).

qw the Shooter (Deep Elf Hunter)                    Turns: 1080, Time: 00:00:23

Health: 0/25       AC:  5    Str: 10    XL:     4   Next: 15%
Magic:  6/6        EV: 11    Int: 14    God:
Gold:   70         SH:  0    Dex: 18    Spells: 3/3 levels left

rFire   . . .        Y - +0 shortbow
rCold   . . .        (shield currently unavailable)
rNeg    . . .        f - +0 ring mail
rPois   .            (no helmet)
rElec   .            (no cloak)
rCorr   .            (no gloves)
SInv    .            (no boots)
Will    .....        (no amulet)
Stlth   +            (no ring)
HPRegen 0.24/turn    (no ring)
MPRegen 0.10/turn

%: no passive effects
@: no status effects
A: no striking features
a: no special abilities


You were on level 2 of the Dungeon.
You visited 1 branch of the dungeon, and saw 2 of its levels.

You collected 70 gold pieces.


   Skills:
 - Level 1.5 Fighting
 + Level 7.6 Ranged Weapons
 - Level 2.4 Dodging
 - Level 1.2 Stealth


You had 3 spell levels left.
You didn't know any spells.
Your spell library was empty.

Inventory:

Hand Weapons
 Y - a +0 shortbow (weapon)
Armour
 f - a +0 ring mail (worn)
Potions
 a - a potion of might {unknown}
 d - a potion of curing {unknown}

Dungeon Overview and Level Annotations

Branches:
Dungeon (2/15)

Altars:

Annotations:
D:2 exclusion: gnoll


Message History

The gnoll misses you.
You shoot an arrow.
The arrow hits the gnoll but does no damage.
The gnoll closely misses you.
You shoot an arrow.
The arrow hits the gnoll but does no damage.
The gnoll misses you.
You shoot an arrow.
The arrow hits the gnoll but does no damage.
The gnoll closely misses you. The gnoll barely misses you.
You shoot an arrow.
The arrow hits the gnoll but does no damage.
The gnoll closely misses you.
You shoot an arrow. The arrow closely misses the gnoll.
The arrow hits the gnoll!
You kill the gnoll!
The gnoll hits you from afar with a +0 halberd!
You shoot an arrow. The arrow hits the gnoll!
The gnoll is heavily wounded.
The gnoll hits you from afar with a +0 halberd!
Enter note:
Enter note:
Enter note:
Enter note: The gnoll closely misses you.
Enter note:
Enter note:
Enter note:
Enter note:
Enter note: You start resting.
A gnoll is nearby!
You shoot an arrow.
The arrow hits the gnoll but does no damage.
The gnoll is heavily wounded.
You shoot an arrow. The arrow barely misses the gnoll.
The gnoll hits you from afar with a +0 halberd.
You shoot an arrow. The arrow barely misses the gnoll.
The gnoll hits you from afar with a +0 halberd.
You die...

#..## ##..####### .
# ##.......### .. #
##......+.# ... #
#.)....#.### .... #
#......#..)###.....
#
####........)g)....
# ##'#####.###.###
#### #.# #.@.g.#
...## ... #####.#
....# ..... ....#
......#
.<..##..<...#
....##......# ....#
#####


You could see a gnoll.

Vanquished Creatures
  3 gnolls (D:2)
  3 adders (D:2)
  3 ball pythons
  3 endoplasms (D:2)
  A giant cockroach (D:2)
  3 hobgoblins
  2 quokkas
  2 bats (D:1)
  A frilled lizard (D:1)
  3 kobolds
  2 rats (D:2)
26 creatures vanquished.

Notes
Turn   | Place    | Note
-------+----------+-------------------------------------------
     0 | D:1      | qw the Deep Elf Hunter began the quest for the Orb.
     0 | D:1      | Reached XP level 1. HP: 12/12 MP: 3/3
     0 | D:1      | 0 ||| qw: Version: 0.3-a-9-g12657ce
     0 | D:1      | 0 ||| qw: Game counter: 4112
     0 | D:1      | 0 ||| qw: Always use a shield: true
     0 | D:1      | 0 ||| qw: God list: Okawaru
     0 | D:1      | 0 ||| qw: Allow faded altars: false
     0 | D:1      | 0 ||| qw: Do Orc after D:15 true
     0 | D:1      | 0 ||| qw: Do second Lair branch before Depths: true
     0 | D:1      | 0 ||| qw: Lair rune preference: random
     0 | D:1      | 0 ||| qw: Plans: Normal
     0 | D:1      | 0 ||| PLANNING D:1-11
   715 | D:1      | Reached XP level 2. HP: 16/16 MP: 4/4
   778 | D:1      | 778 ||| UPGRADING to +0 ring mail.
   788 | D:1      | 788 ||| DROPPING +0 leather armour.
   789 | D:1      | 789 ||| READING scroll labelled NIRAUC DUNYK.
   792 | D:1      | 792 ||| READING scroll labelled RIUSON ZOILOPE.
   793 | D:1      | 793 ||| DROPPING scroll of butterflies.
   818 | D:2      | Reached skill level 6 in Ranged Weapons
   866 | D:2      | Reached XP level 3. HP: 20/20 MP: 5/5
   972 | D:2      | Reached skill level 7 in Ranged Weapons
   973 | D:2      | HP: 4/20 [frozen (4)]
  1067 | D:2      | Reached XP level 4. HP: 25/25 MP: 6/6
  1074 | D:2      | HP: 5/25 [gnoll/+0 halberd (10)]
  1079 | D:2      | HP: 3/25 [gnoll/+0 halberd (3)]
  1080 | D:2      | Slain by a gnoll

Levels and vault maps discovered:
D:1:      roderic_crop_circles_arrival_small, layout_loops_corners,
          minmay_cupped
D:2:      layout_basic, serial_shops, shop, serial_curves, eino_curves_02,
          eino_curves_02

Skill      XL: |  1  2  3 |
---------------+----------+-----
Ranged Weapons | 6 7 |  7.6
Fighting       | |  1.5
Dodging        | |  2.4
Stealth        | |  1.2

Action                     |  1- 3 |  4- 6 || total
---------------------------+-------+-------++-------
   Fire: Shortbow          |    81 |    11 ||    92
    Use: Scroll            |     2 |       ||     2
 Armour: Leather armour    |     3 |       ||     3
         Ring mail         |    11 |       ||    11
  Dodge: Dodged            |    13 |     7 ||    20

Table legend:
 A = Non-vault XP
 B = Vault XP
 C = Vault XP percentage of total XP
 D = Non-vault monster count
 E = Vault monster count
 F = Vault count percentage of total count
                 A         B        C        D         E       F
            +---------+---------+-------+---------+---------+-------
      Total |     109 |       3 |   2.7 |      24 |       2 |   7.7
            +---------+---------+-------+---------+---------+-------
        D:1 |       9 |       3 |  25.0 |       6 |       2 |  25.0
        D:2 |     100 |       0 |   0.0 |      18 |       0 |   0.0
            +---------+---------+-------+---------+---------+-------
